 Dungeon Crawl Stone Soup version 0.25-a0-860-gf695395b5c (webtiles) character file.

23850 StahL the Warrior (level 13, -1/93 HPs)
             Began as a Gargoyle Fighter on Jan 19, 2016.
             Was a High Priest of Trog.
             Slain by a fire elemental (10 damage)
             ... on level 4 of the Lair of Beasts on Apr 29, 2020.
             The game lasted 00:48:48 (15194 turns).

StahL the Warrior (Gargoyle Fighter)               Turns: 15194, Time: 00:48:49

Health: -1/93      AC: 21    Str: 25    XL:     13   Next: 9%
Magic:  0/13       EV:  9    Int: 12    God:    Trog [*****.]
Gold:   845        SH:  0    Dex: 11    Spells: 12/12 levels left

rFire    . . .     SeeInvis .   v - +0 broad axe (flame)
rCold    . . .     Gourm    .   (no shield)
rNeg     + . .     Faith    .   s - +1 scale mail of the Lost Path {Dex+2}
rPois    ∞         Spirit   +   d - +0 helmet
rElec    +         Reflect  .   G - +1 cloak
rCorr    .         Harm     .   e - +0 pair of gloves
MR       ++++.                  (no boots)
Stlth    ..........             p - amulet of guardian spirit
HPRegen  1.25/turn              q - ring of the Mage {Wiz MR++ Int+3}
MPRegen  0.13/turn              (no ring)

@: regenerating
A: negative energy resistance 1, electricity resistance, unbreathing,
petrification resistance, rot immunity, AC +9
a: Berserk, Trog's Hand, Brothers in Arms, Renounce Religion


You were on level 4 of the Lair of Beasts.
You worshipped Trog.
Trog was extremely pleased with you.
You were not hungry.

You visited 3 branches of the dungeon, and saw 16 of its levels.
You also visited: Volcano.

You collected 845 gold pieces.

Inventory:

Hand Weapons
 a - a +1 war axe
 j - a +0 hand axe of electrocution
 v - a +0 broad axe of flaming (weapon)
 K - a +0 battleaxe
Armour
 c - a +0 kite shield
 d - a +0 helmet (worn)
 e - a +0 pair of gloves (worn)
 o - a +1 cloak
 s - the +1 scale mail of the Lost Path (worn) {Dex+2}
   (You found it on level 4 of the Dungeon)

   It affects your dexterity (+2).
 G - a +1 cloak (worn)
 J - a +0 plate armour
Jewellery
 p - an amulet of guardian spirit (around neck)
 q - the ring of the Mage (left hand) {Wiz MR++ Int+3}
   (You found it on level 7 of the Dungeon)

   [ring of wizardry]

   It improves your spell success rate.
   It affects your intelligence (+3).
   It affects your resistance to hostile enchantments.
 D - an uncursed amulet of regeneration
 M - an uncursed amulet of rage
 O - an uncursed amulet of magic regeneration
 S - a cursed ring of attention {unknown}
Wands
 r - a wand of flame (18)
 y - a wand of removedness (5)
 I - a wand of removedness (35)
 N - a wand of acid (3)
 Q - a wand of removedness (15)
 U - a wand of enslavement (16)
 Y - a wand of acid (5)
Scrolls
 g - a scroll of magic mapping
 l - 7 scrolls of remove curse
 m - 2 scrolls of enchant weapon
 n - 2 scrolls of removedness
 u - 3 scrolls of enchant armour
 w - 2 scrolls of torment
 A - a scroll of immolation {unknown}
 C - a scroll of blinking
 F - 5 scrolls of fear
 H - a scroll of holy word {unknown}
 L - a scroll of vulnerability {unknown}
 P - 2 scrolls of teleportation
 V - 2 scrolls of fog
Potions
 b - 2 potions of lignification
 h - 2 potions of haste
 k - 2 potions of mutation
 t - 2 potions of brilliance
 z - 2 potions of ambrosia
 B - a potion of heal wounds {unknown}
 E - 2 potions of curing
 R - a potion of cancellation {unknown}
 X - a potion of flight {unknown}
Comestibles
 f - 14 rations
 i - 5 rations
 x - 8 rations
 T - 3 rations
 W - a ration


   Skills:
 + Level 16.0 Fighting
 + Level 13.8 Axes
 - Level 3.2 Armour
 - Level 3.2 Shields


You had 12 spell levels left.
You didn't know any spells.
Your spell library contained the following spells:

 Spells                   Type           Power        Failure   Level  Hunger
 Cause Fear               Hex            #.........   95%         4    #####..
 Silence                  Hex/Air        #.........   100%        5    ######.
 Yara's Violent Unravell  Hex/Tmut       #.........   100%        5    ######.
 Discord                  Hex            #.........   100%        8    #######


Dungeon Overview and Level Annotations

Branches:
Dungeon (11/15)            Temple (1/1) D:6            Lair (4/8) D:9
  Swamp (0/4) Lair:3       Spider (0/4) Lair:4          Orc (0/2) D:9

Altars:
Ashenzari
Cheibriados
Dithmenos
Elyvilon
Fedhas
Gozag
Kikubaaqudgha
Makhleb
Nemelex Xobeh
Okawaru
Qazlal
Ru
Sif Muna
Trog
Vehumet
Xom
Yredelemnul
Zin
The Shining One
Beogh
Lugonu

Shops:
D:6 }

Annotations:
D:11 Maud


Innate Abilities, Weirdness & Mutations

You are resistant to torment.
Your stone body is resilient. (AC +9)
You are immune to poison.
You resist negative energy. (rN+)
You are resistant to electric shocks. (rElec)
You can survive without breathing.
You are immune to petrification.
You are immune to rotting.


Message History

The efreet gestures at you.
The bolt of fire hits the fire elemental.
The fire elemental completely resists.
The bolt of fire hits you.
* * * LOW HITPOINT WARNING * * *
There is a rocky tunnel leading out of this place here.
The fire elemental hits you. The fire elemental burns you!
* * * LOW HITPOINT WARNING * * *
The fire elemental closely misses you.
Welcome back to the Lair of Beasts!
There is a collapsed entrance here.
You hit the fire elemental but do no damage.
The fire elemental is heavily damaged.
The fire elemental completely misses you.
You hit the fire elemental but do no damage.
The fire elemental is heavily damaged.
The fire elemental barely misses you.
You closely miss the fire elemental.
The fire elemental is heavily damaged.
The fire elemental hits you. The fire elemental burns you!
You die...

,,,,,,,,,,,,,,,..,.......♣..≈.≈≈≈
,*,*****,,,****#.##........≈..≈≈.
,*,***,**,***,,*#.........≈.≈≈..≈
,,,,,,,,,,,,,,,,..........≈≈.≈...
,,,,,,,,,*,**,,,*##......♣≈≈.....
,,,,,,,,,,,,,,,**#........♣......
*,,,,,,,,,*,,,**###...†...♣.≈...≈
,,,,,,,,,,,,,,*##.###.#.....≈≈...
,,,,,,,,,,,,,,*#@...#.###...♣..≈≈
,,,,,,,,,,,,,,*##E..#.####.##♣.≈≈
,,,,,,,,,,,,,.#*###.†.#........♣.
,,,,,,,,*,,*,#.#**##.##..........
,,,,,,,,,,,,,....,,###...........
***,,,,**,,**#P..#,###..#.##.....
***,,,,******...#.##.##..#.......
,,,,,,,,,,,,,....................
,,,**,**,**,,........#####.#.P###


You could see a fire elemental.

Vanquished Creatures
  A hydra (D:11)
  A flayed ghost (D:10)
  An unseen horror (D:10)
  A removed MONS_HILL_GIANT (D:10)
  Pikel (D:9)
  A necromancer (Lair:3)
  3 black mambas
  Maurice (D:9)
  6 spiny frogs
  A torpor snail (Lair:4)
  5 komodo dragons
  2 rime drakes
  3 kobold demonologists (D:11)
  A queen bee (Lair:3)
  The ghost of WhatIsLove the Ducker, an amateur DsMo (D:5)
  Grinder (D:3)
  3 trolls
  2 vampires (D:10)
  2 wyverns (D:9)
  A fire elemental (Volcano)
  24 yaks
  A basilisk (Lair:3)
  7 hippogriffs
  A hungry ghost (D:7)
  Eustachio (D:6)
  A soldier ant (D:10)
  8 water moccasins
  7 porcupines
  8 orc warriors
  2 sky beasts (D:5)
  A phantom (D:9)
  An ice beast (D:8)
  2 slaves (D:9)
  2 centaurs
  3 ogres
  9 crocodiles
  7 bullfrogs
  A scorpion (D:5)
  14 killer bees (Lair:3)
  17 wights
  2 electric eels (Lair:3)
  3 crimson imps
  A centaur zombie (D:10)
  A quasit (D:6)
  A bullfrog zombie (D:6)
  11 hounds
  9 orc priests
  2 jellies (D:10)
  13 orc wizards
  2 bullfrog skeletons
  An iguana (Lair:2)
  Natasha (thrice) (D:2)
  Terence (D:2)
  3 yak simulacra (Lair:3)
  5 worker ants
  4 polar bear simulacra (Lair:3)
  3 wolf simulacra (Lair:3)
  4 hound skeletons
  5 gnolls
  43 river rats
  7 adders
  A shadow imp (D:8)
  3 adder skeletons
  2 worms
  A leopard gecko (D:1)
  40 orcs
  3 bats
  4 giant cockroaches
  5 goblins
  6 hobgoblins
  4 jackals (D:7)
  9 quokkas
  3 ball pythons
  2 frilled lizards
  13 kobolds
  7 rats
  A river rat simulacrum (Lair:3)
  A bush (Lair:3)
  14 fungi
  11 plants
409 creatures vanquished.

Vanquished Creatures (others)
  A slave (D:9)
  2 orcs (D:9)
  A quokka (D:8)
  2 fungi
  5 plants
11 creatures vanquished.

Grand Total: 420 creatures vanquished

Notes
Turn   | Place    | Note
-------+----------+-------------------------------------------
     0 | D:1      | StahL the Gargoyle Fighter began the quest for the Orb.
     0 | D:1      | Reached XP level 1. HP: 14/14 MP: 1/1
   242 | D:1      | Reached XP level 2. HP: 19/19 MP: 2/2
   418 | D:1      | Reached XP level 3. HP: 24/24 MP: 3/3
   420 | D:1      | Reached skill level 4 in Fighting
   881 | D:2      | Noticed Terence
   888 | D:2      | Killed Terence
   888 | D:2      | Reached XP level 4. HP: 17/30 MP: 4/4
  1020 | D:2      | Found a radiant altar of Vehumet.
  1020 | D:2      | Found a burning altar of Makhleb.
  1048 | D:2      | Found a sparkling altar of Nemelex Xobeh.
  1158 | D:2      | Noticed Natasha
  1166 | D:2      | Killed Natasha
  1221 | D:2      | Noticed Natasha
  1223 | D:2      | Killed Natasha
  1223 | D:2      | Reached XP level 5. HP: 29/34 MP: 5/5
  1224 | D:2      | Found an ancient bone altar of Kikubaaqudgha.
  1246 | D:2      | Noticed Natasha
  1256 | D:2      | Killed Natasha
  1256 | D:2      | Reached skill level 5 in Fighting
  2171 | D:3      | Noticed Grinder
  2195 | D:3      | Killed Grinder
  2195 | D:3      | Reached skill level 6 in Fighting
  2195 | D:3      | Reached XP level 6. HP: 27/42 MP: 2/6
  2784 | D:4      | Reached XP level 7. HP: 43/47 MP: 7/7
  2788 | D:4      | Got a faintly humming scale mail
  2800 | D:4      | Identified the cursed +1 scale mail of the Lost Path
                  | {Dex+2} (You found it on level 4 of the Dungeon)
  3009 | D:4      | Reached skill level 5 in Axes
  3616 | D:5      | Entered Level 5 of the Dungeon
  3632 | D:5      | Noticed WhatIsLove's ghost (amateur DsMo)
  3644 | D:5      | Reached skill level 7 in Fighting
  3662 | D:5      | Killed WhatIsLove's ghost
  3949 | D:5      | Reached XP level 8. HP: 53/53 MP: 8/8
  4019 | D:5      | Reached skill level 8 in Fighting
  4415 | D:5      | Found an ancient bone altar of Kikubaaqudgha.
  4567 | D:6      | Found Mugg's Quality Used Wands.
  4683 | D:6      | Reached skill level 9 in Fighting
  4811 | D:6      | Reached XP level 9. HP: 55/60 MP: 7/9
  4835 | D:6      | Found a staircase to the Ecumenical Temple.
  4869 | Temple   | Entered the Ecumenical Temple
  4932 | Temple   | Became a worshipper of Trog the Wrathful
  4989 | D:6      | Noticed Eustachio
  5022 | D:6      | Killed Eustachio
  5279 | D:7      | Found a shadowy altar of Dithmenos.
  5341 | D:7      | Reached * piety under Trog
  5810 | D:7      | Found a glowing golden altar of the Shining One.
  6022 | D:7      | Reached skill level 10 in Fighting
  6361 | D:8      | Found a white marble altar of Elyvilon.
  6533 | D:8      | Found a shimmering altar of Xom.
  6798 | D:8      | Found a blossoming altar of Fedhas.
  6798 | D:8      | Found a basalt altar of Yredelemnul.
  7131 | D:9      | Found a sacrificial altar of Ru.
  7148 | D:9      | Reached skill level 11 in Fighting
  7148 | D:9      | Reached XP level 10. HP: 63/69 MP: 8/10
  7329 | D:9      | Found a staircase to the Lair.
  7332 | D:9      | Noticed Pikel
  7345 | D:9      | Killed Pikel
  7358 | D:9      | Noticed Maurice
  7375 | D:9      | Killed Maurice
  7375 | D:9      | Reached ** piety under Trog
  7442 | D:9      | Found an opulent altar of Gozag.
  7442 | D:9      | Found a shattered altar of Ashenzari.
  7478 | D:9      | Reached skill level 10 in Axes
  7490 | D:9      | Found a roughly hewn altar of Beogh.
  7491 | D:9      | Found a staircase to the Orcish Mines.
  7518 | D:9      | Found an iron altar of Okawaru.
  7745 | D:9      | Reached skill level 12 in Fighting
  8459 | Lair:1   | Entered Level 1 of the Lair of Beasts
  8459 | Lair:1   | Noticed a black mamba
  8459 | Lair:1   | Noticed a black mamba
  8472 | Lair:1   | Killed a black mamba
  8475 | Lair:1   | Killed a black mamba
  8716 | D:9      | Reached XP level 11. HP: 76/76 MP: 11/11
  8757 | D:10     | Entered Level 10 of the Dungeon
  8761 | D:10     | Noticed a hill giant
  8768 | D:10     | Killed a hill giant
  8841 | D:10     | Killed an unseen horror
  8841 | D:10     | Reached skill level 13 in Fighting
  9103 | D:10     | Reached *** piety under Trog
  9340 | D:10     | Noticed a flayed ghost
  9374 | D:10     | Killed a flayed ghost
 10101 | D:11     | Found a corrupted altar of Lugonu.
 10318 | D:11     | Noticed a five-headed hydra
 10322 | D:11     | Killed a three-headed hydra
 10322 | D:11     | Reached skill level 14 in Fighting
 10391 | D:11     | Noticed Maud
 10709 | Lair:1   | Received a gift from Trog
 10975 | Lair:1   | Reached XP level 12. HP: 64/86 MP: 10/12
 11555 | Lair:1   | Reached **** piety under Trog
 12472 | Lair:2   | Found an iron altar of Okawaru.
 12489 | Lair:2   | Reached skill level 15 in Fighting
 13489 | Lair:3   | Reached ***** piety under Trog
 13636 | Lair:3   | HP: 3/132 [killer bee (8)]
 13639 | Lair:3   | HP: 1/132 [killer bee (3)]
 14128 | Lair:3   | Found a staircase to the Swamp.
 14986 | Lair:3   | Reached XP level 13. HP: 92/93 MP: 13/13
 15153 | Lair:4   | Reached skill level 16 in Fighting
 15158 | Lair:4   | Found a dark tunnel.
 15171 | Volcano  | Entered a volcano
 15186 | Volcano  | HP: 4/93 [efreet/bolt of fire (2)]
 15194 | Lair:4   | Slain by a fire elemental

Levels and vault maps discovered:
D:1:      onia_arrival_mini_spirals
D:2:      gammafunk_temple_overflow_elements, nemelex_deck,
          nicolae_overflow_hidden_temple, uniq_natasha, uniq_terence
D:3:      uniq_grinder
D:4:      first_bread, supply_closet_lemuel, fountainhead
D:5:      basic_altar
D:6:      minmay_temple_entry_junction, serial_park_tiny_1,
          nicolae_for_you_no_charge, uniq_eustachio
D:7:      wad_woods_stonehenge, grunt_ogre_cave, tso_altar
D:8:      gammafunk_temple_overflow_wave, elyvilon_altar_4,
          kennysheep_little_box, minmay_misc_feat_doors
D:9:      okawaru_gym_becter, nicolae_ru_the_path_less_chosen,
          gammafunk_temple_overflow_statue, dpeg_oklobed_lair, david_orc_5,
          uniq_pikel, uniq_maurice
D:10:     minmay_misc_feat_roman, kennysheep_just_a_vault
D:11:     kennysheep_kobold_lugonu_temple, uniq_maud
Temple:   cyrus_temple_forest_13
Lair:1:   hangedman_lair_unloving_vines, cheibrodos_lair_reptile_den
Lair:2:   basic_altar
Lair:3:   swamp_mist_pool, special_room, small_statue_intersection,
          eino_house_with_fridge
Lair:4:   spider_nest_entry_rubble, enter_volcano_3,
          nicolae_quartered_pool_super

Skill      XL: |  1  2  3  4  5  6  7  8  9 10 11 12 13 |
---------------+----------------------------------------+-----
Fighting       | 4 6 7 9 11 12 14 15 16 | 16.0
Axes           | 5 10 | 13.8
Armour         | |  3.2
Shields        | |  3.2

Action                   |  1- 3 |  4- 6 |  7- 9 | 10-12 | 13-15 || total
-------------------------+-------+-------+-------+-------+-------++-------
Melee: War axe           |    66 |   133 |   404 |   168 |       ||   771
       Battleaxe         |       |       |       |   132 |       ||   132
       Broad axe         |       |       |       |   490 |       ||   490
       Broad axe         |       |       |       |     2 |    46 ||    48
Invok: Berserk           |       |       |     1 |     2 |       ||     3
       Trog's Hand       |       |       |       |     6 |       ||     6
       Brothers in Arms  |       |       |       |     1 |       ||     1
       Trog's Hand       |       |       |       |       |     1 ||     1
Evoke: Club              |       |       |       |     3 |       ||     3
  Use: Scroll            |       |     7 |    12 |     7 |       ||    26
       Potion            |       |     1 |     2 |     1 |       ||     4
  Eat: Chunk             |       |     6 |    14 |    24 |       ||    44
       Buggy fruit       |       |       |     3 |       |       ||     3
       Buggy fruit       |       |       |     2 |     2 |       ||     4
       Buggy fruit       |       |       |       |     1 |       ||     1
       Buggy jelly       |       |       |       |     2 |       ||     2
       Ration            |       |       |       |       |     1 ||     1
Armor: Scale mail        |       |       |       |     2 |    29 ||    31
Dodge: Dodged            |       |       |       |     2 |    24 ||    26

Table legend:
 A = Non-vault XP
 B = Vault XP
 C = Vault XP percentage of total XP
 D = Non-vault monster count
 E = Vault monster count
 F = Vault count percentage of total count
                 A         B        C        D         E       F
            +---------+---------+-------+---------+---------+-------
      Total |       0 |     596 | 100.0 |       0 |       2 | 100.0
            +---------+---------+-------+---------+---------+-------
     Lair:4 |       0 |     394 | 100.0 |       0 |       1 | 100.0
    Volcano |       0 |     202 | 100.0 |       0 |       1 | 100.0
            +---------+---------+-------+---------+---------+-------
